 Dungeon Crawl Stone Soup version 0.17-a0-2024-gc284f19 (webtiles) character file.

420 Ordine the Skirmisher (level 6, -4/46 HPs)
             Began as an Octopode Fighter on Oct 10, 2015.
             Slain by a worker ant (5 damage)
             ... on level 4 of the Dungeon.
             The game lasted 00:20:07 (4978 turns).

Ordine the Skirmisher (Octopode Fighter)            Turns: 4978, Time: 00:20:07

Health: -4/46      AC:  1    Str: 15    XL:     6   Next: 94%
Magic:  6/6        EV: 10    Int: 11    God:
Gold:   229        SH:  0    Dex: 13    Spells: 0 memorised, 5 levels left

rFire  . . .     SeeInvis .     a - +1 long sword
rCold  + . .     Clarity  .     b - +1 shield
rNeg   . . .     SustAt   .     (helmet restricted)
rPois  +         Gourm    .     (no amulet)
rElec  .         Spirit   .     t - ring of protection from cold
rCorr  .         Warding  .     y - ring of poison resistance
rMut   .         Stasis   .     (no ring)
MR     .....                    (no ring)
Stlth  ++........               (no ring)
                                (no ring)
                                (no ring)
                                (no ring)

@: confused, lethally poisoned (-4 -> -6), not resistant to hostile
enchantments, unstealthy
A: almost no armour, amphibious, 8 rings, constrict 8, camouflage 1, gelatinous
body 1
a: no special abilities


You were on level 4 of the Dungeon.
You were not hungry.

You visited 1 branch of the dungeon, and saw 4 of its levels.

You collected 229 gold pieces.

Inventory:

Hand Weapons
 a - a +1 long sword (weapon)
 x - a +0 blowgun
Missiles
 f - 173 stones (quivered)
 i - 4 needles of confusion
 k - 6 needles of sleeping
 v - 19 poisoned needles
Armour
 b - a +1 shield (worn)
Jewellery
 t - a ring of protection from cold (left tentacle)
 y - a ring of poison resistance (right tentacle)
Wands
 p - a wand of confusion (48)
 r - a wand of cold (1)
Scrolls
 c - a scroll of enchant armour
 e - a scroll of remove curse
 g - a scroll of enchant weapon
 u - a scroll of amnesia
Potions
 h - a potion of cancellation
 n - a potion of poison
 q - 2 potions of flight {unknown}
Comestibles
 d - 3 bread rations
 j - 2 beef jerkies
 l - 3 fruits
 m - 4 meat rations
 s - a slice of pizza
 z - 9 chunks of flesh


   Skills:
 + Level 5.8 Fighting
 + Level 5.1 Long Blades
 - Level 3.0 Dodging
 - Level 3.0 Shields


You had 5 spell levels left.
You didn't know any spells.

Dungeon Overview and Level Annotations

Branches:
Dungeon (4/15)
 Temple: D:4-7

Altars:
Fedhas
Okawaru


Innate Abilities, Weirdness & Mutations

You cannot wear most types of armour.
You are amphibious.
You can wear up to eight rings at the same time.
You can use your tentacles to constrict eight enemies at once.
Your skin changes colour to match your surroundings (Stealth).
Your rubbery body absorbs attacks (AC +1).


Message History

It was a potion of ambrosia.
You are confused.
You feel invigorated.
You feel sick. The worker ant bites you.
* * * LOW HITPOINT WARNING * * *
The worker ant bites you but does no damage.
The orc wizard gestures wildly while chanting.
The orc wizard blinks!
The worker ant misses you.
You bump into the rock wall.
The worker ant bites you.
* * * LOW HITPOINT WARNING * * *
The worker ant bites you.
* * * LOW HITPOINT WARNING * * *
The worker ant bites you!
* * * LOW HITPOINT WARNING * * *
You bump into the rock wall.
* * * LOW HITPOINT WARNING * * *
You feel sick. The worker ant bites you.
* * * LOW HITPOINT WARNING * * *
The worker ant bites you.
You die...

##...## #..[##
#o§## ##o## #.o#
##.o# ..###...#
#.....oa##
#......a@#
##..............
#..............
#..$...........
#...#####.......
#... ....... #..
$....## #.
...###


You could see 2 worker ants and 5 orcs.

Vanquished Creatures
  The ghost of Gargoyl the Skirmisher, an amateur DsAK of Lugonu (D:3)
  2 scorpions
  2 orc priests (D:4)
  Robin (D:2)
  5 adders
  4 worms (D:2)
  A giant gecko (D:3)
  8 orcs
  10 hobgoblins
  15 jackals
  7 kobolds
  2 quokkas (D:2)
  10 bats
  3 giant newts
  25 goblins
  9 rats
105 creatures vanquished.

Notes
Turn   | Place    | Note
--------------------------------------------------------------
     0 | D:1      | Ordine the Octopode Fighter began the quest for the Orb.
     0 | D:1      | Reached XP level 1. HP: 16/16 MP: 1/1
   332 | D:1      | Reached XP level 2. HP: 14/21 MP: 2/2
   769 | D:1      | You fall through a shaft!
  1362 | D:2      | Reached XP level 3. HP: 21/26 MP: 3/3
  1909 | D:2      | Found an iron altar of Okawaru.
  2180 | D:2      | Reached skill level 4 in Fighting
  2260 | D:2      | Noticed Robin
  2275 | D:2      | Reached XP level 4. HP: 17/33 MP: 4/4
  2277 | D:2      | Killed Robin
  3301 | D:3      | Reached XP level 5. HP: 33/38 MP: 5/5
  3341 | D:3      | Found a blossoming altar of Fedhas.
  3461 | D:3      | Noticed Gargoyl's ghost (amateur DsAK)
  3482 | D:3      | Killed Gargoyl's ghost
  3482 | D:3      | Reached skill level 5 in Fighting
  3793 | D:3      | Reached XP level 6. HP: 45/45 MP: 6/6
  4785 | D:4      | Reached skill level 5 in Long Blades
  4977 | D:4      | HP: 1/46 [worker ant (7)]
  4978 | D:4      | Slain by a worker ant

Vault maps used:
D:1:      dpeg_arrival_signposts, st_stairs_12
D:2:      okawaru_ov_weapons_minmay, grunt_ministairs_6, uniq_robin
D:3:      kennysheep_goblin_castle, first_bread, fedhas_altar_2
D:4:      lemuel_round_altar, hangedman_abyss_or_decor_jellyfish_corner,
          uniq_duvessa, uniq_pikel

Action                   |  1- 3 |  4- 6 || total
-------------------------+-------+-------++-------
Melee: Long sword        |    62 |   150 ||   212
Throw: Stone             |       |     1 ||     1
  Use: Scroll            |     5 |     6 ||    11
       Potion            |       |     4 ||     4
 Stab: Sleeping          |     7 |    13 ||    20
  Eat: Chunk             |     4 |     9 ||    13
